 Dungeon Crawl Stone Soup version 0.26.1-11-gd32895ea62 (webtiles) character file.

Game seed: 7172022074904868764

21 eooof the Skirmisher (level 2, -1/26 HPs)
             Began as a Draconian Monk on May 25, 2021.
             Slain by a goblin
             ... wielding a +0 dagger
             ... led by Robin
              (4 damage)
             ... on level 2 of the Dungeon.
             The game lasted 00:02:12 (485 turns).

eooof the Skirmisher (Draconian Monk)                Turns: 485, Time: 00:02:12

Health: -1/26      AC:  4    Str: 13    XL:     2   Next: 65%
Magic:  3/3        EV: 13    Int: 10    God:
Gold:   9          SH:  0    Dex: 13    Spells: 1/1 levels left

rFire    . . .     SeeInvis .   a - +0 falchion
rCold    . . .     Faith    .   (no shield)
rNeg     . . .     Spirit   .   (armour unavailable)
rPois    .         Reflect  .   (helmet restricted)
rElec    .         Harm     .   (no cloak)
rCorr    .         Rampage  .   (no gloves)
Will     .....                  (no boots)
Stlth    ++........             (no amulet)
HPRegen  0.08/turn              (no ring)
MPRegen  0.08/turn              (no ring)

@: no status effects
A: unfitting armour, cold-blooded, AC +4
a: no special abilities


You were on level 2 of the Dungeon.
You visited 1 branch of the dungeon, and saw 2 of its levels.

You collected 9 gold pieces.

Inventory:

Hand Weapons
 a - a +0 falchion (weapon)
Missiles
 e - 13 bolts
Scrolls
 b - 3 scrolls of identify {unknown}
 c - 3 scrolls of remove curse {unknown}
 d - a scroll of enchant armour {unknown}
 h - a scroll of enchant weapon {unknown}
 i - a scroll of fog {unknown}
Potions
 f - a potion of attraction {unknown}
 g - a potion of heal wounds {unknown}
 j - a potion of mutation {unknown}
 k - a potion of degeneration {unknown}


   Skills:
 - Level 3.3 Fighting
 - Level 3.0 Long Blades
 - Level 3.0 Dodging
 - Level 1.9 Stealth
 * Level 1.4 Invocations
 + Level 0.7 Evocations


You had one spell level left.
You didn't know any spells.
Your spell library was empty.

Dungeon Overview and Level Annotations

Branches:
Dungeon (2/15)

Altars:

Annotations:
D:2 Jessica, Robin, Sigmund


Innate Abilities, Weirdness & Mutations

Your plain brown scales are hard. (AC +4)
You cannot fit into any form of body armour.
You are cold-blooded and may be slowed by cold attacks.


Message History

The goblin misses you.
You hit the goblin.
The goblin is moderately wounded.
The goblin hits you with a +0 dagger. The goblin hits you.
* * * LOW HITPOINT WARNING * * *
The goblin hits you with a +0 dagger.
* * * LOW HITPOINT WARNING * * *
You hit the goblin.
The goblin is severely wounded.
The goblin barely misses you. x2
You barely miss the goblin.
The goblin is severely wounded.
The goblin barely misses you. The goblin hits you with a +0 dagger.
* * * LOW HITPOINT WARNING * * *
You hit the goblin.
You kill the goblin!
Robin roars a battlecry!
The goblins go into a battle-frenzy!
The goblin hits you with a +0 dagger.
You die...

### ###### #.#
#.†..# #.###†##.#
#.....##.#####S#g..
#.######.)†@ggggg..
#.##...#########w..
#.##.#'#########
#..............#
#####.[........#
#..........#
#..........#
#..........#
#...<......#


You could see Robin, an adder, a dart slug, 2 hobgoblins and 3 goblins.

Vanquished Creatures
  A giant cockroach (D:1)
  4 goblins
  5 hobgoblins
  4 jackals (D:1)
  2 bats (D:1)
  A kobold (D:1)
  2 rats (D:1)
19 creatures vanquished.

Notes
Turn   | Place    | Note
-------+----------+-------------------------------------------
     0 | D:1      | eooof the Draconian Monk began the quest for the Orb.
     0 | D:1      | Reached XP level 1. HP: 19/19 MP: 1/1
   184 | D:1      | Reached XP level 2. HP: 18/26 MP: 2/2
   397 | D:1      | Reached skill level 1 in Invocations
   474 | D:2      | Noticed Jessica
   475 | D:2      | Noticed Robin
   475 | D:2      | Noticed Sigmund
   485 | D:2      | Slain by a goblin

Illustrated notes

Levels and vault maps discovered:
D:1:      wheals_arrival_shading, layout_rooms, minmay_tetromino_i2
D:2:      layout_basic, uniq_robin, uniq_jessica, uniq_sigmund,
          uniq_crazy_yiuf_cottage

Skill      XL: |  1  2 |
---------------+-------+-----
Dodging        | 3 |  3.0
Invocations    | 1 |  1.4
Fighting       | |  3.3
Long Blades    | |  3.0
Stealth        | |  1.9
Evocations     | |  0.7

Action                   || total
-------------------------++-------
Melee: Falchion          ||    63
       Tailslap          ||     8
 Stab: Sleeping          ||     1
Armor: Skin              ||    28
Dodge: Dodged            ||    87
       Rpst.: Falchion   ||    28
